% Time on Ice - BOISE CARIBOUS
Lines # - Real PCT - Wanted PCT - Time Play
Normal Forward
1 - 35% - 33% - 17:12
2 - 32% - 32% - 15:39
3 - 25% - 25% - 12:22
4 - 8% - 10% - 4:10
Normal Defense
1 - 39% - 36% - 19:02
2 - 35% - 36% - 17:07
3 - 26% - 28% - 12:52
4 - 1% - 0% - 0:22
PP Forward
1 - 71% - 65% - 1:33
2 - 29% - 35% - 0:38
PP Defense
1 - 71% - 60% - 1:33
2 - 29% - 40% - 0:38
PK Forward
1 - 47% - 50% - 3:46
2 - 53% - 50% - 4:10
PK Defense
1 - 47% - 55% - 3:42
2 - 53% - 45% - 4:14
PK3 Forward
1 - 0% - 55%
2 - 0% - 45%
PK3 Defense
1 - 0% - 55%
2 - 0% - 45%
44 Forward
1 - 0% - 55%
2 - 0% - 45%
44 Defense
1 - 0% - 55%
2 - 0% - 45%
Last Minute Offensive  - 0:30
Last Minute Defensive  - 0:00
Total
Forward - 60:00
Defense - 60:00
% Time on Ice - LOS ANGELES SEALS
Lines # - Real PCT - Wanted PCT - Time Play
Normal Forward
1 - 35% - 36% - 17:32
2 - 32% - 31% - 15:45
3 - 23% - 22% - 11:23
4 - 10% - 11% - 5:13
Normal Defense
1 - 34% - 38% - 16:56
2 - 37% - 38% - 18:17
3 - 29% - 17% - 14:40
4 - 0% - 7% - 0:00
PP Forward
1 - 55% - 55% - 4:21
2 - 45% - 45% - 3:35
PP Defense
1 - 51% - 55% - 4:02
2 - 49% - 45% - 3:54
PK Forward
1 - 67% - 55% - 0:16
2 - 33% - 45% - 0:08
PK Defense
1 - 21% - 55% - 0:05
2 - 79% - 45% - 0:19
PK3 Forward
1 - 57% - 55% - 1:01
2 - 43% - 45% - 0:46
PK3 Defense
1 - 69% - 55% - 1:14
2 - 31% - 45% - 0:33
44 Forward
1 - 0% - 55%
2 - 0% - 45%
44 Defense
1 - 0% - 55%
2 - 0% - 45%
Last Minute Offensive  - 0:00
Last Minute Defensive  - 0:00
Total
Forward - 60:00
Defense - 60:00
Play-by-Play 1st period 0:01 of 1st period - David Krejci wins face-off versus Vincent Trocheck in neutral zone. 0:08 of 1st period - Shot by Claude Giroux. 0:08 of 1st period - Shot Misses the Net. 0:26 of 1st period - Shot by Claude Giroux. 0:26 of 1st period - Shot Misses the Net. 0:34 of 1st period - Shot by Nikita Kucherov. 0:34 of 1st period - Shot Misses the Net. 0:36 of 1st period - Shot by Claude Giroux. 0:36 of 1st period - Shot Misses the Net. 0:38 of 1st period - Shot by Drew Doughty. 0:38 of 1st period - Stopped by Ilya Sorokin without a rebound. 0:39 of 1st period - Steven Stamkos wins face-off versus Jean-Gabriel Pageau in BOISE CARIBOUS zone. 0:51 of 1st period - Matthew Boldy is hit by Moritz Seider and loses puck. 1:18 of 1st period - Shot by Jean-Gabriel Pageau. 1:18 of 1st period - Stopped by Marc-Andre Fleury without a rebound. 1:19 of 1st period - Jordan Staal wins face-off versus Gabriel Vilardi in LOS ANGELES SEALS zone. 1:26 of 1st period - Shot by Owen Tippett. 1:26 of 1st period - Stopped by Ilya Sorokin without a rebound. 1:27 of 1st period - Gabriel Vilardi wins face-off versus Jordan Staal in BOISE CARIBOUS zone. 2:00 of 1st period - Shot by Phil Kessel. 2:00 of 1st period - Deflect By Gabriel Vilardi. 2:00 of 1st period - Shot Misses the Net. 2:29 of 1st period - Minor Penalty to Drew Doughty for Roughing. 2:30 of 1st period - Vincent Trocheck wins face-off versus David Krejci in LOS ANGELES SEALS zone. 2:37 of 1st period - Shot by Tim Stutzle. 2:37 of 1st period - Stopped by Marc-Andre Fleury without a rebound. 2:38 of 1st period - Vincent Trocheck wins face-off versus Jordan Staal in LOS ANGELES SEALS zone. 2:39 of 1st period - Shot by Rasmus Dahlin. 2:39 of 1st period - Stopped by Marc-Andre Fleury with a rebound. 2:41 of 1st period - Shot by Rasmus Dahlin. 2:41 of 1st period - Stopped by Marc-Andre Fleury without a rebound. 2:41 of 1st period - Minor Penalty to Marc-Andre Fleury for Slashing. 2:42 of 1st period - Jordan Staal wins face-off versus Tim Stutzle in LOS ANGELES SEALS zone. 3:07 of 1st period - Shot by Vincent Trocheck. 3:07 of 1st period - Shot Misses the Net. 4:16 of 1st period - Shot by Kaapo Kakko. 4:16 of 1st period - Stopped by Marc-Andre Fleury without a rebound. 4:17 of 1st period - Vincent Trocheck wins face-off versus David Krejci in LOS ANGELES SEALS zone. 4:45 of 1st period - Shot by Tim Stutzle. 4:45 of 1st period - Shot Misses the Net. 4:55 of 1st period - Shot by Gabriel Vilardi. 4:55 of 1st period - Shot Blocked by Alex Goligoski. 5:18 of 1st period - Shot by Lawson Crouse. 5:18 of 1st period - Shot Misses the Net. 5:40 of 1st period - Shot by Nikita Kucherov. 5:40 of 1st period - Shot Misses the Net. 5:42 of 1st period - Shot by Claude Giroux. 5:42 of 1st period - Deflect By Nikita Kucherov. 5:42 of 1st period - Shot Blocked by Dylan DeMelo. 5:44 of 1st period - Shot by David Krejci. 5:44 of 1st period - Stopped by Ilya Sorokin without a rebound. 5:45 of 1st period - Jesperi Kotkaniemi wins face-off versus Mason McTavish in BOISE CARIBOUS zone. 5:45 of 1st period - Jesperi Kotkaniemi is hit by Jake Evans. 6:14 of 1st period - Noah Cates is hit by Marcus Pettersson and loses puck. 6:20 of 1st period - Noah Cates is hit by Moritz Seider and loses puck. 6:28 of 1st period - Minor Penalty to Marcus Pettersson for Cross-checking. 6:29 of 1st period - Vincent Trocheck wins face-off versus Steven Stamkos in BOISE CARIBOUS zone. 8:33 of 1st period - Zach Parise is hit by Dylan DeMelo and loses puck. 8:44 of 1st period - Shot by Vincent Trocheck. 8:44 of 1st period - Shot Blocked by Brandon Carlo. 8:49 of 1st period - Minor Penalty to Vincent Trocheck for High sticking. 8:50 of 1st period - Steven Stamkos wins face-off versus Lawson Crouse in BOISE CARIBOUS zone. 8:55 of 1st period - Shot by Nikita Kucherov. 8:55 of 1st period - Shot Misses the Net. 8:57 of 1st period - Shot by Brent Burns. 8:57 of 1st period - Stopped by Ilya Sorokin without a rebound. 8:58 of 1st period - Mason McTavish wins face-off versus Lawson Crouse in BOISE CARIBOUS zone. 8:58 of 1st period - Mason McTavish is hit by Moritz Seider. 9:00 of 1st period - Shot by Blake Wheeler. 9:00 of 1st period - Shot Misses the Net. 9:02 of 1st period - Shot by Blake Wheeler. 9:02 of 1st period - Shot Misses the Net. 9:45 of 1st period - Off-side. 9:46 of 1st period - Steven Stamkos wins face-off versus Jean-Gabriel Pageau in neutral zone. 9:53 of 1st period - Shot by Noah Dobson. 9:53 of 1st period - Shot Blocked by Moritz Seider. 9:55 of 1st period - Shot by Brent Burns. 9:55 of 1st period - Shot Misses the Net. 9:57 of 1st period - Shot by Steven Stamkos. 9:57 of 1st period - Stopped by Ilya Sorokin without a rebound. 9:58 of 1st period - Lawson Crouse wins face-off versus Steven Stamkos in BOISE CARIBOUS zone. 10:23 of 1st period - Rasmus Andersson is hit by Nikita Kucherov and loses puck. 10:46 of 1st period - Shot by Steven Stamkos. 10:46 of 1st period - Shot Blocked by Rasmus Dahlin. 10:55 of 1st period - Off-side. 10:56 of 1st period - Jordan Staal wins face-off versus Vincent Trocheck in neutral zone. 10:56 of 1st period - Jordan Staal is hit by Tim Stutzle. 11:02 of 1st period - Shot by Zach Parise. 11:02 of 1st period - Stopped by Ilya Sorokin without a rebound. 11:03 of 1st period - Jordan Staal wins face-off versus Jean-Gabriel Pageau in BOISE CARIBOUS zone. 11:03 of 1st period - Jordan Staal is hit by Rasmus Dahlin. 11:05 of 1st period - Shot by Zach Parise. 11:05 of 1st period - Stopped by Ilya Sorokin without a rebound. 11:06 of 1st period - Jean-Gabriel Pageau wins face-off versus Jordan Staal in BOISE CARIBOUS zone. 11:11 of 1st period - Shot by Rasmus Dahlin. 11:11 of 1st period - Stopped by Marc-Andre Fleury without a rebound. 11:12 of 1st period - Jean-Gabriel Pageau wins face-off versus David Krejci in LOS ANGELES SEALS zone. 11:52 of 1st period - Shot by Artturi Lehkonen. 11:52 of 1st period - Shot Misses the Net. 12:37 of 1st period - Icing by Gustav Forsling. 12:38 of 1st period - Steven Stamkos wins face-off versus Gabriel Vilardi in LOS ANGELES SEALS zone. 13:19 of 1st period - Phil Kessel is hit by Gustav Forsling and loses puck. 13:38 of 1st period - Shot by Vincent Trocheck. 13:38 of 1st period - Shot Misses the Net. 13:46 of 1st period - Shot by Vincent Trocheck. 13:46 of 1st period - Stopped by Marc-Andre Fleury without a rebound. 13:47 of 1st period - Jean-Gabriel Pageau wins face-off versus Claude Giroux in LOS ANGELES SEALS zone. 14:03 of 1st period - Shot by Nikita Kucherov. 14:03 of 1st period - Stopped by Ilya Sorokin without a rebound. 14:04 of 1st period - Vincent Trocheck wins face-off versus Jordan Staal in BOISE CARIBOUS zone. 14:19 of 1st period - Shot by Vincent Trocheck. 14:19 of 1st period - Stopped by Marc-Andre Fleury without a rebound. 14:20 of 1st period - Charlie Coyle wins face-off versus David Krejci in LOS ANGELES SEALS zone. 14:29 of 1st period - Shot by Nikita Kucherov. 14:29 of 1st period - Stopped by Ilya Sorokin without a rebound. 14:30 of 1st period - Jean-Gabriel Pageau wins face-off versus David Krejci in BOISE CARIBOUS zone. 14:48 of 1st period - Icing by David Krejci. 14:49 of 1st period - Nikita Kucherov wins face-off versus Vincent Trocheck in LOS ANGELES SEALS zone. 15:43 of 1st period - Shot by Steven Stamkos. 15:43 of 1st period - Shot Blocked by Marcus Pettersson. 15:45 of 1st period - Shot by Drew Doughty. 15:45 of 1st period - Shot Misses the Net. 16:32 of 1st period - Icing by Matt Duchene. 16:33 of 1st period - Vincent Trocheck wins face-off versus Jordan Staal in BOISE CARIBOUS zone. 16:51 of 1st period - Icing by Rasmus Dahlin. 16:52 of 1st period - David Krejci wins face-off versus Jean-Gabriel Pageau in BOISE CARIBOUS zone. 17:41 of 1st period - Shot by Jean-Gabriel Pageau. 17:41 of 1st period - Stopped by Marc-Andre Fleury without a rebound. 17:42 of 1st period - Steven Stamkos wins face-off versus Phil Kessel in LOS ANGELES SEALS zone. 17:42 of 1st period - Steven Stamkos is hit by Lawson Crouse. 18:00 of 1st period - Shot by Blake Wheeler. 18:00 of 1st period - Stopped by Ilya Sorokin without a rebound. 18:01 of 1st period - Jordan Staal wins face-off versus Jesperi Kotkaniemi in BOISE CARIBOUS zone. 18:13 of 1st period - Shot by Jesperi Kotkaniemi. 18:13 of 1st period - Stopped by Marc-Andre Fleury without a rebound. 18:14 of 1st period - Lawson Crouse wins face-off versus Steven Stamkos in LOS ANGELES SEALS zone. 18:45 of 1st period - Shot by Blake Wheeler. 18:45 of 1st period - Goal by Blake Wheeler - BOISE CARIBOUS : 0 - LOS ANGELES SEALS : 1. 18:46 of 1st period - David Krejci wins face-off versus Jean-Gabriel Pageau in neutral zone. 18:59 of 1st period - Shot by Nikita Kucherov. 18:59 of 1st period - Shot Blocked by Artturi Lehkonen. 19:04 of 1st period - Off-side. 19:05 of 1st period - Vincent Trocheck wins face-off versus Jordan Staal in neutral zone. 19:07 of 1st period - Matt Duchene is hit by Brent Burns. 19:13 of 1st period - Shot by Drew Doughty. 19:13 of 1st period - Shot Misses the Net. 19:15 of 1st period - Shot by Owen Tippett. 19:15 of 1st period - Stopped by Ilya Sorokin with a rebound. 19:17 of 1st period - Shot by Owen Tippett. 19:17 of 1st period - Shot Blocked by Vincent Trocheck. 19:19 of 1st period - Shot by Drew Doughty. 19:19 of 1st period - Stopped by Ilya Sorokin without a rebound. 19:20 of 1st period - David Krejci wins face-off versus Jean-Gabriel Pageau in BOISE CARIBOUS zone. 19:59 of 1st period - Shot by Nikita Kucherov. 19:59 of 1st period - Shot Blocked by Charlie Coyle. Goals for this period are 0 for BOISE CARIBOUS vs 1 for LOS ANGELES SEALS. Shots for this period are 10 for BOISE CARIBOUS vs 13 for LOS ANGELES SEALS. 2nd period 0:01 of 2nd period - Vincent Trocheck wins face-off versus David Krejci in neutral zone. 0:24 of 2nd period - Off-side. 0:25 of 2nd period - Jean-Gabriel Pageau wins face-off versus Steven Stamkos in neutral zone. 1:01 of 2nd period - Off-side. 1:02 of 2nd period - Vincent Trocheck wins face-off versus David Krejci in neutral zone. 1:09 of 2nd period - Tim Stutzle is hit by David Krejci and loses puck. 2:08 of 2nd period - Shot by Lawson Crouse. 2:08 of 2nd period - Stopped by Marc-Andre Fleury without a rebound. 2:09 of 2nd period - Jean-Gabriel Pageau wins face-off versus Steven Stamkos in LOS ANGELES SEALS zone. 2:34 of 2nd period - Shot by Steven Stamkos. 2:34 of 2nd period - Stopped by Ilya Sorokin without a rebound. 2:35 of 2nd period - Gabriel Vilardi wins face-off versus Jordan Staal in BOISE CARIBOUS zone. 2:46 of 2nd period - Moritz Seider is hit by Jordan Staal and loses puck. 2:57 of 2nd period - Shot by Owen Tippett. 2:57 of 2nd period - Deflect By Zach Parise.